 Dungeon Crawl Stone Soup version 0.17-a0-1399-gd5b76e1 (webtiles) character file.

360 wotan the Ruffian (level 6, -1/52 HPs)
             Began as a Ghoul Monk on June 17, 2015.
             Was a Priest of Makhleb.
             Killed by divine providence
             ... invoked by an orc priest
              (12 damage)
             ... on level 5 of the Dungeon on June 18, 2015.
             The game lasted 00:11:58 (3247 turns).

wotan the Ruffian (Ghoul Monk)                      Turns: 3247, Time: 00:11:58

Health: -1/52      AC:  7    Str: 15    XL:     6   Next: 65%
Magic:  7/7        EV: 11    Int:  6    God:    Makhleb [***...]
Gold:   235        SH:  0    Dex: 12    Spells: 0 memorised, 5 levels left

rFire  . . .     SeeInvis .       - Unarmed
rCold  + . .     Clarity  .     k - +0 ring mail
rNeg   + + +     SustAt   .     (no shield)
rPois  ∞         Gourm    .     d - +0 helmet
rElec  .         Spirit   .     p - +0 cloak
rCorr  .         Warding  .     (no gloves)
rMut   .         Stasis   .     (no boots)
MR     .....                    (no amulet)
Stlth  +.........               (no ring)
                                (no ring)

@: rotting, not resistant to hostile enchantments, very unstealthy
A: rotting body, claws 1, carnivore 3, cold resistance 1, negative energy
resistance 3, slow healing 1, torment resistance, unbreathing
a: Minor Destruction, Lesser Servant of Makhleb, Renounce Religion


You were on level 5 of the Dungeon.
You worshipped Makhleb.
Makhleb was most pleased with you.
You were not hungry.

You visited 1 branch of the dungeon, and saw 5 of its levels.

You collected 235 gold pieces.

Inventory:

Missiles
 r - 8 poisoned needles
Armour
 d - a +0 helmet (worn)
 k - a +0 ring mail (worn)
 p - a +0 cloak (worn)
Scrolls
 a - a scroll of fear {unknown}
 c - a scroll of amnesia {unknown}
 e - a scroll of blinking {unknown}
 f - 2 scrolls of remove curse
 g - a scroll of enchant armour {unknown}
 h - 2 scrolls of teleportation
 o - a scroll of random uselessness
 u - a scroll of immolation {unknown}
Potions
 j - 3 potions of curing
 l - a potion of ambrosia
 m - a potion of agility
 n - 2 potions of haste
 q - a potion of heal wounds {unknown}
 s - 2 potions of poison
 t - a potion of lignification {unknown}
Comestibles
 b - 2 meat rations
 i - a slice of pizza


   Skills:
 - Level 3.9 Fighting
 - Level 3.0 Dodging
 - Level 2.2 Stealth
 - Level 7.1 Unarmed Combat
 + Level 3.2 Invocations


You had 5 spell levels left.
You didn't know any spells.

Dungeon Overview and Level Annotations

Branches:
Dungeon (5/15)             Temple (0/1) D:4

Altars:
Cheibriados
Gozag
Makhleb
Okawaru
Vehumet

Annotations:
D:2 Sigmund
D:4 Menkaure


Innate Abilities, Weirdness & Mutations

Your body is rotting away.
You thrive on raw meat.
You are immune to poison.
You have sharp fingernails.
You are carnivorous and can eat meat at any time.
Your flesh is cold resistant.
You are immune to negative energy.
You heal slowly when monsters are visible.
You are immune to unholy pain and torment.
You can survive without breathing.


Message History

Something smites you!
* * * LOW HITPOINT WARNING * * *
You scratch the orc but do no damage.
The orc is moderately wounded.
The orc barely misses you.
You closely miss the orc.
The orc is moderately wounded.
You scratch the orc but do no damage.
The orc is moderately wounded.
The orc closely misses you.
You claw the orc!
You kill the orc!
Makhleb accepts your kill.
You feel a little better.
You closely miss the orc priest.
The orc priest hits you but does no damage.
You closely miss the orc priest.
The orc priest calls down the wrath of Beogh upon you.
Something smites you!
You die...

## #..o......##.....## .#
#.........#.......#### .##
#.$.......#........... ..#####
#.........#...........
......##########o#...#...........
.................................
......########.#####.#...........
..#..## #..####..............
..##..#### ##..o@......#.........
#.###....# #...#####..........###
#.# ####.###.#.# ##........##.# #
..#### #.##..#.###......)..##.###
#.....##.....<.........#...##....
###.....#....##...##.#.......##
#. ##.........##.#.##.#....#.##
#.# #............#.##.#......#
#.####.).>.....#############..#


You could see an orc priest.

Vanquished Creatures
  A crimson imp (D:5)
  Crazy Yiuf (D:2)
  An orc priest (D:4)
  Jessica (D:3)
  An orc wizard (D:5)
  Terence (D:2)
  Robin (D:3)
  5 adders
  A shadow imp (D:4)
  An ooze (D:5)
  5 worms
  A giant gecko (D:1)
  5 orcs
  3 ball pythons
  23 goblins
  17 hobgoblins
  10 bats
  4 giant cockroaches
  A giant newt (D:2)
  4 jackals (D:1)
  10 kobolds
  6 rats
103 creatures vanquished.

Notes
Turn   | Place    | Note
--------------------------------------------------------------
     0 | D:1      | wotan the Ghoul Monk began the quest for the Orb.
     0 | D:1      | Reached XP level 1. HP: 19/19 MP: 0/0
    55 | D:1      | Reached XP level 2. HP: 16/26 MP: 1/1
   615 | D:1      | Reached XP level 3. HP: 28/33 MP: 2/2
  1082 | D:2      | Reached skill level 5 in Unarmed Combat
  1151 | D:2      | Noticed Crazy Yiuf
  1163 | D:2      | Killed Crazy Yiuf
  1163 | D:2      | Reached XP level 4. HP: 23/40 MP: 3/3
  1265 | D:2      | Noticed Terence
  1271 | D:2      | Killed Terence
  1562 | D:2      | Noticed Sigmund
  1588 | D:2      | Reached skill level 6 in Unarmed Combat
  1651 | D:3      | Reached XP level 5. HP: 46/46 MP: 4/4
  1687 | D:3      | Noticed Jessica
  1703 | D:3      | Killed Jessica
  1757 | D:3      | Found a burning altar of Makhleb.
  1766 | D:3      | Became a worshipper of Makhleb the Destroyer
  1766 | D:3      | Acquired Makhleb's first power
  1766 | D:3      | Acquired Makhleb's second power
  1774 | D:3      | Noticed Robin
  1787 | D:3      | Killed Robin
  1958 | D:3      | Found an opulent altar of Gozag.
  2328 | D:2      | Reached skill level 7 in Unarmed Combat
  2402 | D:4      | Noticed Menkaure
  2442 | D:4      | Upgraded the game from 0.17-a0-1397-g0eee0a3 to 0.17-a0-1399-gd5b76e1
  2452 | D:4      | Found a staircase to the Ecumenical Temple.
  2491 | D:4      | Found a snail-covered altar of Cheibriados.
  2518 | D:4      | Reached XP level 6. HP: 38/52 MP: 5/5
  2533 | D:4      | Reached skill level 1 in Invocations
  2535 | D:4      | Acquired Makhleb's third power
  2897 | D:4      | Found an iron altar of Okawaru.
  2973 | D:5      | Entered Level 5 of the Dungeon
  3046 | D:5      | Found a radiant altar of Vehumet.
  3247 | D:5      | Killed from afar by an orc priest

Vault maps used:
D:1:      saegor_arrival_simple_c
D:2:      uniq_crazy_yiuf_cottage, uniq_terence, uniq_sigmund
D:3:      nicolae_gozag_seed_capital, overflow_temple_1_default, uniq_robin,
          uniq_jessica
D:4:      okawaru_altar_gauntlet_db, kennysheep_mini, lemuel_crystal_altar,
          minmay_temple_entry_hall, first_bread, elyvilon_altar_3, uniq_grinder,
          uniq_menkaure
D:5:      vehumet_crystals, fedhas_altar_4

Action                   |  1- 3 |  4- 6 || total
-------------------------+-------+-------++-------
Melee: Unarmed           |    90 |   194 ||   284
  Use: Scroll            |     2 |     6 ||     8
 Stab: Sleeping          |     2 |     1 ||     3
  Eat: Chunk             |     7 |     9 ||    16
